 Dungeon Crawl Stone Soup version 0.30-a0-782-ge64f9170bb (webtiles) character file.

Game seed: 4737548164515679828

1237 NotreDorf the Ducker (level 8, -15/61 HPs)
             Began as a Merfolk Transmuter on Feb 18, 2023.
             Demolished by a gnoll sergeant
             ... wielding a +0 trident
              (16 damage)
             ... on level 5 of the Dungeon.
             The game lasted 00:31:55 (6022 turns).

NotreDorf the Ducker (Merfolk Transmuter)           Turns: 6022, Time: 00:31:55

Health: -15/61     AC:  3    Str: 13    XL:     8   Next: 49%
Magic:  13/14      EV: 14    Int: 12    God:
Gold:   328        SH:  0    Dex: 14    Spells: 3/15 levels left

rFire   . . .      SeeInvis .      - Unarmed
rCold   . . .      Faith    .    (no shield)
rNeg    . . .      Spirit   .    a - +0 robe
rPois   .          Reflect  .    (helmet currently unavailable)
rElec   .          Harm     .    (no cloak)
rCorr   +          Rampage  .    s - +0 pair of gloves
Will    .....                    (boots currently unavailable)
Stlth   +                        q - amulet of the acrobat
HPRegen 0.30/turn                o - ring of resist corrosion
MPRegen 0.14/turn                (no ring)

@: appendages
A: horns 2, (nimble swimmer 2), mertail
a: End Transformation


You were on level 5 of the Dungeon.
You had temporarily grown beastly horns.
You visited 2 branches of the dungeon, and saw 6 of its levels.

You collected 328 gold pieces.

Inventory:

Hand Weapons
 p - a +1 quarterstaff of speed
 r - a +1 long sword of freezing
Missiles
 l - 3 throwing nets
Armour
 a - a +0 robe (worn)
 s - a +0 pair of gloves (worn)
Magical Staves
 h - a staff of poison
Jewellery
 o - a ring of resist corrosion (left hand)
 q - an amulet of the acrobat (around neck)
Wands
 m - a wand of roots (21)
 t - a wand of flame (25)
Scrolls
 c - 5 scrolls of identify
 k - 4 scrolls of magic mapping
 u - a scroll of amnesia {unknown}
 v - a scroll of fear {unknown}
Potions
 b - a potion of lignification
 f - 3 potions of ambrosia {unknown}
 g - 3 potions of heal wounds {unknown}
 i - a potion of degeneration {unknown}
 j - 2 potions of mutation {unknown}
 n - 4 potions of curing {unknown}


   Skills:
 + Level 4.4 Fighting
 + Level 5.8 Dodging
 + Level 5.4 Unarmed Combat
 + Level 4.0 Spellcasting
 + Level 5.7 Transmutations
 + Level 2.1 Ice Magic
 + Level 3.8 Poison Magic


You had 3 spell levels left.
You knew the following spells:

 Your Spells              Type           Power      Damage    Failure   Level
a - Beastly Appendage     Tmut           32%        N/A       1%          1
b - Wereblood             Tmut           16%        N/A       3%          2
c - Spider Form           Tmut/Pois      14%        N/A       9%          3
d - Poisonous Vapours     Pois/Air       14%        N/A       16%         2
e - Ice Form              Ice/Tmut       11%        N/A       41%         4

Your spell library contained the following spells:

 Spells                   Type           Power      Damage    Failure   Level
 Cigotuvi's Dreadful Rot  Necr/Pois/Air  10%        N/A       21%         2
 Scorch                   Fire           4%         2d5       32%         2
 Static Discharge         Conj/Air       4%         2-3/arc   32%         2
 Sublimation of Blood     Necr           2%         N/A       32%         2
 Mephitic Cloud           Conj/Pois/Air  5%         N/A       36%         3
 Dazzling Flash           Conj/Hex       4%         N/A       54%         3
 Petrify                  Tmut/Erth      9%         N/A       56%         4
 Irradiate                Conj/Tmut      4%         3d13      88%         5
 Cause Fear               Hex            1%         N/A       91%         4
 Flame Wave               Conj/Fire      2%         2d4       91%         4
 Fireball                 Conj/Fire      1%         3d3       99%         5
 Summon Cactus Giant      Summ           1%         N/A       100%        6
 Dragon Form              Tmut           8%         N/A       100%        7
 Chain Lightning          Conj/Air       1%         3d1       100%        9
 Dragon's Call            Summ           1%         N/A       100%        9


Dungeon Overview and Level Annotations

Branches:
Dungeon (5/15)             Temple (1/1) D:5

Altars:
Cheibriados
Dithmenos
Elyvilon
Gozag
Hepliaklqana
Nemelex Xobeh
Okawaru
Qazlal
Ru
Trog
Vehumet
Wu Jian
Xom
Yredelemnul
Zin
The Shining One


Innate Abilities, Weirdness & Mutations

You have temporarily grown beastly horns.
((You are very nimble when in or above water. (Stealth+, EV+, Speed+++)))
Your lower body shifts to a powerful aquatic tail in water.


Message History

You headbutt the gnoll sergeant.
The gnoll sergeant is severely wounded.
The gnoll sergeant barely misses you.
You hit the gnoll sergeant but do no damage.
The gnoll sergeant is severely wounded.
You hit the gnoll sergeant but do no damage.
The gnoll sergeant is severely wounded.
The gnoll sergeant barely misses you.
You closely miss the gnoll sergeant.
The gnoll sergeant is severely wounded.
The gnoll sergeant misses you.
You barely miss the gnoll sergeant.
You headbutt the gnoll sergeant, but do no damage.
The gnoll sergeant is severely wounded.
Your horns disappear.
The gnoll sergeant hits you with a +0 trident!
You hit the gnoll sergeant but do no damage.
You punch the gnoll sergeant, but do no damage.
The gnoll sergeant is severely wounded.
The gnoll sergeant barely misses you.
Casting: Beastly Appendage (safe; 1% risk of failure)
Confirm with . or Enter, or press ? or * to list all spells.
You grow a pair of large bovine horns.
The gnoll sergeant barely misses you.
You hit the gnoll sergeant.
Your headbutt misses the gnoll sergeant.
The gnoll sergeant is severely wounded.
The gnoll sergeant hits you with a +0 trident!
You hit the gnoll sergeant but do no damage.
Your headbutt misses the gnoll sergeant.
The gnoll sergeant is severely wounded.
The gnoll sergeant hits you with a +0 trident!
* * * LOW HITPOINT WARNING * * *
You hit the gnoll sergeant.
The gnoll sergeant is severely wounded.
The gnoll sergeant hits you with a +0 trident!
* * * LOW HITPOINT WARNING * * *
You closely miss the gnoll sergeant.
The gnoll sergeant is severely wounded.
The gnoll sergeant hits you with a +0 trident!
You die...

##.##.## ##.##.# #.## ##..
##.##.######....#######.# #...
###.....................#.###...
##...###........8####8...##......
...### #..###...'....'....#......
.### #..# #...8#..#8...........
..## ##.###.####''####.........
#..## ##.....#⌠g#..#.⌠#.........
##..####......#.@#..#..#.........
##..##..###..#._#..#_.#.........
##....## ##.#..#..#†.#.........
##...######.##......##.........
#............########..........
###..............................
##.....#######...................
....#.## #..##...............
......# #..##..............)


You could see a gnoll sergeant.

Vanquished Creatures
  Grinder (D:3)
  A black bear (D:5)
  An ogre (D:4)
  2 gnoll sergeants (D:5)
  2 necrophages
  2 electric eels (D:5)
  2 hounds
  An orc priest (D:5)
  A jelly (D:5)
  Terence (D:3)
  5 iguanas
  A mummy (D:5)
  7 gnolls (D:5)
  12 adders
  3 worms
  3 dart slugs
  9 orcs
  9 ball pythons
  5 endoplasms
  2 giant cockroaches
  4 goblins
  8 hobgoblins
  2 jackals (D:2)
  6 quokkas
  5 bats
  6 frilled lizards
  6 kobolds
  2 kobold zombies (D:5)
  8 rats
117 creatures vanquished.

Notes
Turn   | Place    | Note
-------+----------+-------------------------------------------
     0 | D:1      | NotreDorf the Merfolk Transmuter began the quest for the
                  | Orb.
     0 | D:1      | Reached XP level 1. HP: 15/15 MP: 3/3
   123 | D:1      | Reached XP level 2. HP: 17/21 MP: 3/5
   517 | D:1      | Reached XP level 3. HP: 25/26 MP: 3/6
   618 | D:1      | Learned a level 2 spell: Wereblood
   622 | D:1      | Learned a level 3 spell: Spider Form
  1056 | D:2      | Reached XP level 4. HP: 21/33 MP: 7/7
  1471 | D:3      | Noticed Terence
  1480 | D:3      | Killed Terence
  1481 | D:3      | Reached skill level 1 in Poison Magic
  1543 | D:3      | Noticed Grinder
  1564 | D:3      | Killed Grinder
  1565 | D:3      | Reached XP level 5. HP: 9/40 MP: 4/9
  1565 | D:3      | Reached XP level 6. HP: 10/46 MP: 4/10
  2384 | D:3      | Identified the +0 leather armour "Lulecioj" {Harm rElec}
  2552 | D:3      | Learned a level 2 spell: Poisonous Vapours
  2757 | D:4      | Found a white marble altar of Elyvilon.
  2777 | D:4      | Reached XP level 7. HP: 52/52 MP: 7/11
  3332 | D:4      | Reached skill level 5 in Dodging
  3332 | D:4      | Reached skill level 5 in Transmutations
  3515 | D:4      | Learned a level 4 spell: Ice Form
  3559 | D:5      | Entered Level 5 of the Dungeon
  3571 | D:5      | Found a transporter.
  3779 | D:5      | Reached skill level 5 in Unarmed Combat
  3801 | D:5      | Reached skill level 1 in Ice Magic
  4022 | D:5      | Found a transporter.
  4049 | D:5      | Reached XP level 8. HP: 43/60 MP: 13/13
  4448 | D:5      | HP: 3/60 [gnoll sergeant/+0 heavy trident (10)]
  4865 | D:5      | Found a large runed translucent door.
  4866 | D:5      | Found a large runed translucent door.
  5034 | D:5      | Found a stormy altar of Qazlal.
  5035 | D:5      | Found a radiant altar of Vehumet.
  5297 | D:5      | Got the Vellum of Reason
  5366 | D:5      | Found a staircase to the Ecumenical Temple.
  5371 | Temple   | Entered the Ecumenical Temple
  5983 | D:5      | Found a shadowy altar of Dithmenos.
  5997 | D:5      | Found a bloodstained altar of Trog.
  6021 | D:5      | HP: 1/61 [gnoll sergeant/+0 trident (10)]
  6022 | D:5      | Demolished by a gnoll sergeant

Illustrated notes

Levels and vault maps discovered:
D:1:      ncdulo_watergridlock, layout_rooms, st_stairs_11
D:2:      layout_basic, serial_park_tiny_1
D:3:      layout_basic, minmay_fractal_squares_gapless_5, uniq_terence,
          uniq_grinder
D:4:      layout_cave_pools, elyvilon_altar_3, nicolae_half_adder
D:5:      gammafunk_steamed_eel, layout_layer_cave,
          mainiacjoe_overflow_divided_tiny, jmf_multi_god_temple2,
          minmay_temple_entry_wispy, nicolae_ossuary_entry_giza
Temple:   grunt_temple_mini_profane

Skill      XL: |  1  2  3  4  5  6  7  8 |
---------------+-------------------------+-----
Dodging        | 3 4 5 |  5.8
Transmutations | 3 4 5 |  5.7
Fighting       | 2 3 4 |  4.4
Poison Magic   | 2 3 |  3.8
Unarmed Combat | 4 5 |  5.4
Spellcasting   | 3 4 |  4.0
Ice Magic      | 1 2 |  2.1

Action                     |  1- 3 |  4- 6 |  7- 9 || total
---------------------------+-------+-------+-------++-------
  Melee: Unarmed           |   138 |   115 |   184 ||   437
         Headbutt          |    18 |    16 |    28 ||    62
         Punch             |     1 |     1 |     6 ||     8
   Cast: Beastly Appendage |    22 |    20 |    30 ||    72
         Spider Form       |       |     3 |     4 ||     7
         Poisonous Vapours |       |       |     5 ||     5
         Ice Form          |       |       |     1 ||     1
         Wereblood         |       |       |     1 ||     1
  Evoke: Wand              |       |       |     1 ||     1
    Use: Scroll            |       |       |     3 ||     3
   Stab: Sleeping          |     1 |     1 |     2 ||     4
 Armour: Robe              |    18 |    12 |     9 ||    39
         Skin              |       |       |     2 ||     2
  Dodge: Dodged            |    98 |    56 |   124 ||   278

Table legend: (Time is in decaauts)
 A = Elapsed time spent in this place.
 B = Non-inter-level travel time spent in this place.
 C = Inter-level travel time spent in this place.
 D = Time resting spent in this place.
 E = Time spent auto-exploring this place.
 F = Levels seen in this place.
 G = Mean time per level.
                   A        B        C        D        E       F      G
               +--------+--------+--------+--------+--------+-----+--------+
         Total |   5986 |   5863 |    123 |    731 |   3572 |   6 |  997.7 |
       Dungeon |   5735 |   5638 |     97 |    731 |   3533 |   5 | 1147.0 |
        Temple |    251 |    225 |     26 |      0 |     39 |   1 |  251.0 |
               +--------+--------+--------+--------+--------+-----+--------+

Top non-repeatable levels by time:
     D:5: 1880 daAuts
     D:4: 1314 daAuts
     D:3: 1079 daAuts
     D:2: 813 daAuts
     D:1: 647 daAuts
  Temple: 251 daAuts
